 Dungeon Crawl Stone Soup version 0.24-a0-252-g5076262 (webtiles) character file.

Game seed: 13755559972550908327

10 Azureo the Skirmisher (level 2, 0/26 HPs)
             Began as a Draconian Fighter on Apr 17, 2019.
             Slain by a goblin (3 damage)
             ... on level 1 of the Dungeon.
             The game lasted 00:00:44 (48 turns).

Azureo the Skirmisher (Draconian Fighter)             Turns: 48, Time: 00:00:45

Health: 0/26       AC:  4    Str: 18    XL:     2   Next: 10%
Magic:  2/2        EV: 10    Int:  8    God:
Gold:   0          SH:  8    Dex: 10    Spells: 1/1 levels left

rFire    . . .     SeeInvis .   a - +0 flail
rCold    . . .     Gourm    .   b - +0 shield
rNeg     . . .     Faith    .   (armour unavailable)
rPois    .         Spirit   .   (helmet restricted)
rElec    .         Reflect  .   (no cloak)
rCorr    .         Harm     .   (no gloves)
MR       .....                  (no boots)
Stlth    +.........             (no amulet)
HPRegen  0.08/turn              (no ring)
MPRegen  0.08/turn              (no ring)

@: no status effects
A: unfitting armour, cold-blooded, AC +4
a: no special abilities


You were on level 1 of the Dungeon.
You were not hungry.

You visited 1 branch of the dungeon, and saw 1 of its levels.

Inventory:

Hand Weapons
 a - a +0 flail (weapon)
Armour
 b - a +0 shield (worn)
Potions
 c - a potion of might
Comestibles
 d - a ration


   Skills:
 + Level 3.5 Fighting
 + Level 2.0 Maces & Flails
 + Level 3.0 Dodging
 + Level 3.1 Shields


You had one spell level left.
You didn't know any spells.
Your spell library was empty.

Dungeon Overview and Level Annotations

Branches:
Dungeon (1/15)

Altars:


Innate Abilities, Weirdness & Mutations

Your plain brown scales are hard. (AC +4)
You cannot fit into any form of body armour.
You are cold-blooded and may be slowed by cold attacks.


Message History

You block the goblin's attack.
You barely miss the goblin. The giant cockroach barely misses you.
The goblin hits you but does no damage.
You closely miss the giant cockroach. You block the giant cockroach's attack.
The goblin hits you.
* * * LOW HITPOINT WARNING * * *
You block the giant cockroach's attack.
You hit the giant cockroach but do no damage.
Your tail-slap misses the giant cockroach.
You block the goblin's attack.
The giant cockroach bites you but does no damage.
The goblin hits you but does no damage.
The giant cockroach bites you but does no damage.
You see here a scroll labeled CIEWE TI HEI.
You sock the giant cockroach!
You kill the giant cockroach!
Your Dodging skill increases to level 3!
You closely miss the goblin. The goblin closely misses you. x2
You completely miss the goblin. The goblin hits you.
You die...

...........###
........?.....#
..............###
.........................
.........................
.........#...#..........
##.......#...#........##.
#ggg#...#...........
.#.#..##@................
.#..# #.........†.......
.#.. #...#.............
.#. #...###...(....... ##
.....###........... .
#..................#.
#..................#
#....##....†)......#
..... ####..##.......


You could see a hobgoblin and 2 goblins.

Vanquished Creatures
  A leopard gecko (D:1)
  A bat (D:1)
  A giant cockroach (D:1)
  2 hobgoblins (D:1)
  A frilled lizard (D:1)
  3 rats (D:1)
9 creatures vanquished.

Notes
Turn   | Place    | Note
-------+----------+-------------------------------------------
     0 | D:1      | Azureo the Draconian Fighter began the quest for the Orb.
     0 | D:1      | Reached XP level 1. HP: 19/19 MP: 1/1
    29 | D:1      | Reached XP level 2. HP: 5/26 MP: 2/2
    48 | D:1      | Slain by a goblin

Levels and vault maps discovered:
D:1:      ldierk_walled_garden_2, layout_basic, minmay_3d_cube

Skill      XL: |  1  2 |
---------------+-------+-----
Dodging        | 3 |  3.0
Fighting       | |  3.5
Maces & Flails | |  2.0
Shields        | |  3.1

Action                   || total
-------------------------++-------
Melee: Flail             ||    26
       Tailslap          ||     2
Armor: Skin              ||    20
Dodge: Dodged            ||    18
Block: Shield            ||    14

Table legend:
 A = Non-vault XP
 B = Vault XP
 C = Vault XP percentage of total XP
 D = Non-vault monster count
 E = Vault monster count
 F = Vault count percentage of total count
                 A         B        C        D         E       F
            +---------+---------+-------+---------+---------+-------
      Total |      15 |       0 |   0.0 |       9 |       0 |   0.0
            +---------+---------+-------+---------+---------+-------
        D:1 |      15 |       0 |   0.0 |       9 |       0 |   0.0
            +---------+---------+-------+---------+---------+-------
